 Dungeon Crawl Stone Soup version 0.24-a0-769-g368c1644f8 (webtiles) character file.

Game seed: 9332299958909026630, levelgen mode: deterministic

52583 Johnny the Earth Mage (level 13, -3/108 HPs)
             Began as a Demigod Earth Elementalist on Oct 5, 2019.
             Slain by Fysug's ghost (15 damage)
             ... on level 14 of the Dungeon.
             The game lasted 00:46:30 (19268 turns).

Johnny the Earth Mage (Demigod Earth Elementalist) Turns: 19268, Time: 00:46:31

Health: -3/108     AC:  9    Str: 11    XL:     13   Next: 95%
Magic:  27/41      EV: 17    Int: 27    God:
Gold:   1062       SH:  0    Dex: 16    Spells: 20/33 levels left

rFire    . . .     SeeInvis .   T - +2 trident (pierce)
rCold    . . .     Gourm    .   (no shield)
rNeg     . . .     Faith    .   N - +1 troll leather armour
rPois    +         Spirit   .   k - +0 helmet
rElec    .         Reflect  .   O - +1 cloak {rPois}
rCorr    .         Harm     .   (no gloves)
MR       ++...                  l - +0 pair of boots
Stlth    ++........             v - amulet of the acrobat
HPRegen  0.68/turn              h - ring of protection from magic
MPRegen  0.27/turn              t - ring of magical power

@: no status effects
A: high mp 1
a: no special abilities


You were on level 14 of the Dungeon.
You were very hungry.

You visited 2 branches of the dungeon, and saw 17 of its levels.

You collected 2016 gold pieces.
You spent 954 gold pieces at shops.

Inventory:

Hand Weapons
 u - a +1 spear of distortion
 D - a +2 dagger of venom
 T - a +2 trident of piercing (weapon)
Missiles
 b - 118 stones (quivered)
Armour
 c - a +2 robe of fire resistance
 k - a +0 helmet (worn)
 l - a +0 pair of boots (worn)
 N - a +1 troll leather armour (worn)
 O - a +1 cloak of poison resistance (worn)
Magical Staves
 Q - an uncursed staff of wizardry
Jewellery
 h - a ring of protection from magic (left hand)
 i - a +6 ring of intelligence
 m - a cursed -3 ring of intelligence
 t - a ring of magical power (right hand)
 v - an amulet of the acrobat (around neck)
 H - an uncursed ring of protection from cold {unknown}
Wands
 a - a wand of clouds (5)
 n - a wand of polymorph (25)
 z - a wand of iceblast (9)
 R - a wand of acid (3)
 S - a wand of digging (3)
Scrolls
 e - 2 scrolls of immolation
 f - 3 scrolls of enchant weapon
 j - 2 scrolls of teleportation
 s - 5 scrolls of magic mapping
 w - 3 scrolls of fog
 x - 5 scrolls of remove curse
 y - 3 scrolls of amnesia
 I - 2 scrolls of noise
 L - a scroll of vulnerability
 P - a scroll of silence
 V - a scroll of identify
Potions
 g - 2 potions of berserk rage
 o - 4 potions of flight
 p - 2 potions of degeneration
 q - 7 potions of curing
 r - 3 potions of mutation
 A - 2 potions of invisibility
 C - 2 potions of might
 E - 2 potions of brilliance {unknown}
 F - 2 potions of haste
 G - a potion of ambrosia
 J - a potion of lignification
 K - 2 potions of agility
 M - a potion of magic {unknown}
 U - a potion of cancellation
Miscellaneous
 B - a lightning rod (2/4)
Comestibles
 d - 29 rations


   Skills:
 - Level 8.5 Fighting
 + Level 8.3 Dodging
 - Level 1.7 Stealth
 + Level 10.9 Spellcasting
 - Level 0.8 Transmutations
 * Level 15.9 Earth Magic


You had 20 spell levels left.
You knew the following spells:

 Your Spells              Type           Power        Failure   Level  Hunger
a - Sandblast             Erth           ######       0%          1    None
b - Stone Arrow           Conj/Erth      ######       1%          3    None
c - Lee's Rapid Deconstr  Erth           #######...   1%          5    ###....
d - Petrify               Tmut/Erth      ######..     1%          4    None

Your spell library contained the following spells:

 Spells                   Type           Power        Failure   Level  Hunger
 Passwall                 Tmut/Erth      ######..     1%          2    None
 Beastly Appendage        Tmut           ###...       3%          1    None
 Confusing Touch          Hex            ##....       5%          1    None
 Corona                   Hex            ##.....      5%          1    None
 Summon Butterflies       Summ           ##......     5%          1    None
 Sticks to Snakes         Tmut           ###.....     5%          2    None
 Ensorcelled Hibernation  Hex/Ice        ##....       8%          2    None
 Spider Form              Tmut/Pois      ###.......   13%         3    None
 Call Canine Familiar     Summ           ##......     16%         3    None
 Confuse                  Hex            ##......     16%         3    None
 Dazzling Spray           Conj/Hex       ##....       16%         3    None
 Gell's Gravitas          Tloc           ##........   16%         3    None
 Tukima's Dance           Hex            ##......     16%         3    None
 Ice Form                 Ice/Tmut       ###.....     41%         4    None
 Summon Ice Beast         Ice/Summ       ##......     45%         4    None
 Blade Hands              Tmut           ###.......   69%         5    ###....
 Yara's Violent Unravell  Hex/Tmut       ###.......   77%         5    ###....
 Metabolic Englaciation   Hex/Ice        ##........   82%         5    ###....
 Summon Mana Viper        Hex/Summ       ##......     82%         5    ###....
 Summon Hydra             Summ           ##........   100%        7    ######.


Dungeon Overview and Level Annotations

Branches:
Dungeon (15/15)            Temple (0/1) D:5            Lair (0/6) D:8
    Orc (2/2) D:11            Elf (0/3) Orc:2        Vaults (0/5) D:13
 Depths: D:15

Shops:
D:4 =   D:11 (   Orc:2 (!}[

Annotations:
D:14 Fysug's ghost, journeyman HONe
D:15 Jorgrun


Innate Abilities, Weirdness & Mutations

You have an increased reservoir of magic. (+10% MP)


Message History

The ten-headed hydra bites you. The ten-headed hydra bites you! x2
* * * LOW HITPOINT WARNING * * *
Unknown command.
Casting: Lee's Rapid Deconstruction (safe; 1% risk of failure)
Confirm with . or Enter, or press ? or * to list all spells.
Aiming: Lee's Rapid Deconstruction (safe; 1% risk of failure)
Press: ? - help, Dir - move target cursor A crystal wall.
The crystal wall shatters!
The blast of crystal shards hits Fysug's ghost!!
Fysug's ghost is moderately damaged.
The blast of crystal shards hits the ten-headed hydra!!
You kill the ten-headed hydra!
You are feeling very hungry.
Unknown command.
Unknown command.
You feel better. Fysug's ghost hits you!!
* * * LOW HITPOINT WARNING * * *
You are electrocuted!
You die...

###>## #
#.# # #.# #
#)# # #.# #
#.# #.# #.#
#@# #W#
#.## #††###
##..##♣♣♣##
#..#..$.P#
#..'....!P
#
#..'..).!♣
#
##.'.....P


You could see Fysug's ghost.

Vanquished Creatures
  An orc warlord (Orc:2)
  Louise (D:14)
  A slime creature (D:12)
  Josephine (D:13)
  A rakshasa (D:14)
  Harold (D:10)
  7 hydras
  3 centaur warriors (D:14)
  A death knight (D:12)
  2 dancing weapons (D:13)
  Erica (Orc:1)
  7 two-headed ogres
  2 tengu warriors (D:14)
  5 orc high priests (Orc:2)
  4 skeletal warriors
  3 unseen horrors (D:12)
  2 orc sorcerers (Orc:2)
  A phantasmal warrior (D:12)
  An orc knight (Orc:1)
  12 ugly things
  A cyclops (D:10)
  3 manticores
  A deep elf mage (D:13)
  2 freezing wraiths (D:12)
  A kobold demonologist (D:13)
  3 trolls
  2 hippogriffs
  A meliai zombie (D:14)
  Sigmund (D:2)
  A spriggan (D:11)
  A vampire (D:14)
  6 wraiths
  3 wyverns
  16 yaks
  A basilisk (shapeshifter) (D:13)
  3 vampire mosquitoes (D:14)
  3 hungry ghosts
  3 water moccasins
  Duvessa (D:7)
  26 orc warriors
  3 sky beasts
  4 phantoms
  A black bear (D:7)
  3 ice beasts
  12 ogres
  2 necrophages
  2 centaurs (D:9)
  A crocodile (D:10)
  A big kobold (D:13)
  9 bullfrogs
  Dowan (D:7)
  11 killer bees
  7 wights
  3 howler monkeys
  6 electric eels (D:5)
  7 crimson imps
  2 bullfrog zombies
  A quasit (D:9)
  A gnoll shaman (D:5)
  22 orc wizards
  4 bullfrog skeletons
  19 orc priests
  4 hounds
  4 jellies
  5 centaur skeletons
  Jessica (D:1)
  Natasha (twice) (D:2)
  4 iguanas
  13 worker ants
  2 hound zombies
  3 hound skeletons
  A howler monkey zombie (D:10)
  2 worker ant zombies
  Robin (D:2)
  14 adders
  12 gnolls
  2 shadow imps
  An adder skeleton (D:6)
  An adder zombie (D:7)
  A worm (D:2)
  7 dart slugs
  4 leopard geckos
  85 orcs
  A ball python (D:3)
  6 giant cockroaches
  10 hobgoblins
  17 jackals
  12 kobolds
  2 quokkas
  13 bats
  11 frilled lizards
  19 goblins
  13 rats
531 creatures vanquished.

Notes
Turn   | Place    | Note
-------+----------+-------------------------------------------
     0 | D:1      | Johnny the Demigod Earth Elementalist began the quest for
                  | the Orb.
     0 | D:1      | Reached XP level 1. HP: 14/14 MP: 5/5
    80 | D:1      | Reached skill level 3 in Earth Magic
   101 | D:1      | Reached XP level 2. HP: 22/22 MP: 1/7
   562 | D:1      | Reached skill level 1 in Fighting
   759 | D:1      | Reached XP level 3. HP: 27/28 MP: 6/8
  1188 | D:2      | Noticed Sigmund
  1321 | D:2      | Learned a level 3 spell: Stone Arrow
  1345 | D:2      | Noticed Jessica
  1387 | D:1      | Killed Jessica
  1387 | D:1      | Reached XP level 4. HP: 27/35 MP: 5/10
  1702 | D:3      | Reached skill level 4 in Earth Magic
  2351 | D:3      | Found a blossoming altar of Fedhas.
  2506 | D:3      | Reached XP level 5. HP: 32/41 MP: 5/11
  3305 | D:2      | Noticed Natasha
  3311 | D:2      | Killed Natasha
  3508 | D:2      | Killed Sigmund
  3508 | D:2      | Reached skill level 5 in Earth Magic
  3508 | D:2      | Reached XP level 6. HP: 34/50 MP: 7/13
  3595 | D:2      | Noticed Robin
  3604 | D:2      | Killed Robin
  3806 | D:2      | Noticed Natasha
  3811 | D:2      | Killed Natasha
  4126 | D:4      | Found Efeinnitz's Jewellery Shop.
  4286 | D:4      | Reached XP level 7. HP: 55/57 MP: 15/15
  4468 | D:4      | Bought an uncursed ring of magical power for 220 gold
                  | pieces
  4498 | D:5      | Entered Level 5 of the Dungeon
  4500 | D:5      | Found a staircase to the Ecumenical Temple.
  4718 | D:5      | Reached skill level 6 in Earth Magic
  4890 | D:5      | Learned a level 4 spell: Petrify
  4896 | D:5      | Learned a level 5 spell: Lee's Rapid Deconstruction
  5412 | D:5      | Reached skill level 7 in Earth Magic
  5412 | D:5      | Reached XP level 8. HP: 37/66 MP: 10/18
  6484 | D:7      | Reached skill level 5 in Spellcasting
  6491 | D:7      | Reached skill level 5 in Fighting
  6491 | D:7      | Reached skill level 8 in Earth Magic
  6574 | D:7      | Noticed a two-headed ogre
  6578 | D:7      | Killed a two-headed ogre
  6578 | D:7      | Reached XP level 9. HP: 39/74 MP: 20/20
  7071 | D:7      | Noticed Dowan
  7083 | D:7      | Noticed Duvessa
  7089 | D:7      | Killed Dowan
  7090 | D:7      | Killed Duvessa
  7090 | D:7      | Reached skill level 9 in Earth Magic
  7774 | D:8      | Found a staircase to the Lair.
  8772 | D:9      | Noticed an eight-headed hydra
  8774 | D:9      | Killed an eight-headed hydra
  8774 | D:9      | Reached skill level 10 in Earth Magic
  8774 | D:9      | Reached XP level 10. HP: 81/84 MP: 21/23
  8776 | D:9      | Noticed a two-headed ogre
  8781 | D:9      | Killed a two-headed ogre
  8846 | D:9      | Noticed a two-headed ogre
  8850 | D:9      | Killed a two-headed ogre
  8993 | D:9      | Noticed a two-headed ogre
  9001 | D:9      | Killed a two-headed ogre
  9001 | D:9      | Reached skill level 11 in Earth Magic
  9856 | D:10     | Entered Level 10 of the Dungeon
 10006 | D:10     | Noticed a cyclops
 10010 | D:10     | Killed a cyclops
 10142 | D:10     | You fall into a shaft and drop 2 floors!
 10189 | D:12     | Noticed a death knight
 10279 | D:12     | Noticed a phantasmal warrior
 10407 | D:12     | Killed an unseen horror
 10407 | D:12     | Reached XP level 11. HP: 64/94 MP: 18/26
 10414 | D:12     | Noticed a four-headed hydra
 10418 | D:12     | Killed a four-headed hydra
 10461 | D:12     | Reached skill level 12 in Earth Magic
 10507 | D:12     | Noticed a two-headed ogre
 10537 | D:12     | Killed a two-headed ogre
 10551 | D:12     | Noticed a seven-headed hydra
 10784 | D:12     | Killed an unseen horror
 11372 | D:10     | Noticed a two-headed ogre
 11380 | D:10     | Killed a two-headed ogre
 11725 | D:10     | Noticed Harold
 11736 | D:10     | Killed Harold
 11736 | D:10     | Reached skill level 13 in Earth Magic
 12241 | D:11     | Got a polished ring mail
 12252 | D:11     | Identified the +5 ring mail of Narcissism {rN+} (You found
                  | it on level 11 of the Dungeon)
 12283 | D:11     | Reached XP level 12. HP: 97/103 MP: 29/29
 12411 | D:11     | Found a stormy altar of Qazlal.
 12506 | D:11     | Found Dyuna's Antique Weapon Boutique.
 12589 | D:11     | Found a staircase to the Orcish Mines.
 12865 | Orc:1    | Entered Level 1 of the Orcish Mines
 12928 | Orc:1    | Noticed Erica
 12936 | Orc:1    | Killed Erica
 13535 | Orc:2    | Entered Level 2 of the Orcish Mines
 13826 | Orc:2    | Reached skill level 5 in Dodging
 13835 | Orc:2    | Found a staircase to the Elven Halls.
 13837 | Orc:2    | Noticed an orc warlord
 13854 | Orc:2    | Killed an orc warlord
 14438 | Orc:2    | Reached skill level 14 in Earth Magic
 15276 | Orc:2    | Found Zempyt's Distillery.
 15276 | Orc:2    | Found Cegumoem's Armour Shoppe.
 15276 | Orc:2    | Found Uthum's Gadget Shoppe.
 15284 | Orc:2    | Found Vudiutoh's Antique Weapon Emporium.
 15296 | Orc:2    | Bought a potion of might for 56 gold pieces
 15296 | Orc:2    | Bought a potion of ambrosia for 112 gold pieces
 15296 | Orc:2    | Bought a potion of mutation for 112 gold pieces
 15296 | Orc:2    | Bought a potion of flight for 42 gold pieces
 15296 | Orc:2    | Bought a potion of curing for 42 gold pieces
 15296 | Orc:2    | Bought a potion of heal wounds for 70 gold pieces
 15296 | Orc:2    | Bought a potion of agility for 56 gold pieces
 15296 | Orc:2    | Bought a potion of lignification for 42 gold pieces
 15297 | Orc:2    | Bought a +1 cloak of poison resistance for 202 gold pieces
 15890 | D:12     | Killed a death knight
 16156 | D:12     | Reached XP level 13. HP: 47/108 MP: 30/31
 16327 | D:12     | Reached skill level 10 in Spellcasting
 17215 | D:13     | Noticed Josephine
 17220 | D:13     | Killed Josephine
 17246 | D:13     | Reached skill level 15 in Earth Magic
 17550 | D:13     | Found a gate to the Vaults.
 18048 | D:14     | Noticed Louise
 18063 | D:14     | Killed Louise
 18242 | D:14     | You fall into a shaft and drop 1 floor!
 18242 | D:15     | Entered Level 15 of the Dungeon
 18251 | D:15     | Noticed Jorgrun
 19253 | D:14     | Found a runed translucent gate.
 19254 | D:14     | Found a runed translucent gate.
 19254 | D:14     | Found a runed translucent gate.
 19255 | D:14     | Noticed Fysug's ghost (journeyman HONe)
 19268 | D:14     | Slain by Fysug's ghost

Levels and vault maps discovered:
D:1:      dpeg_arrival_simpleton_b, layout_rooms, serial_forest,
          infiniplex_forest_end_2, infiniplex_forest_lined_4_way,
          infiniplex_forest_end_2, infiniplex_forest_end_3,
          infiniplex_forest_clump_tiny, st_stairs_3, nrook_mini_vaults
D:2:      layout_loops_ring, first_ration, uniq_jessica, uniq_sigmund,
          uniq_natasha, uniq_robin
D:3:      layout_basic, fedhas_altar_2
D:4:      layout_rooms, serial_shops, shop
D:5:      cheibrodos_two_vegetables, layout_basic,
          minmay_temple_entry_stoned_glass
D:6:      layout_loops_ring
D:7:      layout_basic, uniq_duvessa
D:8:      layout_gridville, lair_entry_dummy
D:9:      hangedman_cross_stitches, layout_loops_ring, kennysheep_pointless_box
D:10:     layout_gridville, uniq_harold
D:11:     layout_loops_ring, hiddenorc2_lemuel, serial_shops, shop, basic_altar,
          the_bakery
D:12:     layout_loops_ring, kennysheep_generic_room_7
D:13:     layout_long_grid, erik_vaults_1, uniq_josephine
D:14:     layout_layer_cave, minmay_misc_feat_four_crosses,
          gammafunk_ghost_hydra_chop, uniq_louise
D:15:     gammafunk_enter_depths_forms, layout_cave_pools, chequers_arboretum,
          uniq_jorgrun
Orc:1:    layout_diamond_mine, uniq_erica
Orc:2:    st_orc_mages, layout_caves, statue_in_the_mist_lemuel

Skill      XL: |  1  2  3  4  5  6  7  8  9 10 11 12 13 |
---------------+----------------------------------------+-----
Earth Magic    | 3 4 5 7 8 10 11 13 14 15 | 15.9
Spellcasting   | 2 3 4 5 6 7 8 9 10 | 10.9
Fighting       | 1 2 3 4 5 6 8 |  8.5
Dodging        | 4 6 8 |  8.3
Stealth        | |  1.7
Transmutations | |  0.8

Action                   |  1- 3 |  4- 6 |  7- 9 | 10-12 | 13-15 || total
-------------------------+-------+-------+-------+-------+-------++-------
Melee: Unarmed           |    12 |    30 |       |       |       ||    42
       Short sword       |       |    84 |    21 |       |       ||   105
       Whip              |       |    86 |       |       |       ||    86
       Dagger            |       |       |   181 |   250 |    18 ||   449
       Trident           |       |       |       |       |    31 ||    31
       Staff             |       |       |       |       |     2 ||     2
Throw: Stone             |       |       |       |     1 |       ||     1
 Cast: Sandblast         |    67 |    56 |    78 |   157 |    50 ||   408
       Stone Arrow       |     3 |    14 |     5 |    82 |    18 ||   122
       Lee's Rapid Decon |       |       |    16 |   113 |    60 ||   189
       Petrify           |       |       |     1 |    25 |     4 ||    30
Evoke: Wand              |       |       |       |    33 |     3 ||    36
       Lightning rod     |       |       |       |       |     4 ||     4
  Use: Potion            |     4 |     2 |       |     9 |     4 ||    19
       Scroll            |       |     8 |     6 |    11 |     6 ||    31
 Stab: Sleeping          |       |     6 |     5 |     5 |     1 ||    17
       Distracted        |       |     1 |       |       |       ||     1
       Petrified         |       |       |       |     9 |     4 ||    13
  Eat: Chunk             |     1 |    12 |    12 |    20 |    12 ||    57
       Ration            |       |       |     2 |     5 |     1 ||     8
Armor: Robe              |     9 |   109 |    72 |    40 |       ||   230
       Skin              |       |     4 |       |       |       ||     4
       Troll leather arm |       |       |       |    45 |    39 ||    84
Dodge: Dodged            |    31 |   200 |   144 |   288 |    82 ||   745

Table legend:
 A = Non-vault XP
 B = Vault XP
 C = Vault XP percentage of total XP
 D = Non-vault monster count
 E = Vault monster count
 F = Vault count percentage of total count
                 A         B        C        D         E       F
            +---------+---------+-------+---------+---------+-------
      Total |   54003 |   21116 |  28.1 |     411 |     120 |  22.6
            +---------+---------+-------+---------+---------+-------
        D:1 |      46 |      45 |  49.5 |      28 |       5 |  15.2
        D:2 |     115 |     305 |  72.6 |      34 |      15 |  30.6
        D:3 |     106 |       0 |   0.0 |      31 |       0 |   0.0
        D:4 |     265 |       0 |   0.0 |      13 |       0 |   0.0
        D:5 |     488 |     474 |  49.3 |      19 |       8 |  29.6
        D:6 |     508 |       0 |   0.0 |      18 |       0 |   0.0
        D:7 |    1447 |     211 |  12.7 |      14 |       2 |  12.5
        D:8 |    1356 |       0 |   0.0 |      16 |       0 |   0.0
        D:9 |    2516 |    3120 |  55.4 |      34 |       9 |  20.9
       D:10 |    3966 |    1002 |  20.2 |      26 |       1 |   3.7
       D:11 |    2905 |     915 |  24.0 |      22 |      32 |  59.3
       D:12 |   13095 |     549 |   4.0 |      45 |       1 |   2.2
       D:13 |    3442 |    3467 |  50.2 |      28 |       6 |  17.6
       D:14 |   14769 |    4435 |  23.1 |      30 |       4 |  11.8
       D:15 |     922 |       0 |   0.0 |       2 |       0 |   0.0
      Orc:1 |    2794 |     892 |  24.2 |      21 |       1 |   4.5
      Orc:2 |    5263 |    5701 |  52.0 |      30 |      36 |  54.5
            +---------+---------+-------+---------+---------+-------
